 Dungeon Crawl Stone Soup version 0.23.2 (webtiles) character file.

Game seed: 15867763602296874787

38 Menchi the Magician (level 3, -1/19 HPs)
             Began as a Tengu Wizard on Apr 4, 2019.
             Slain by a dart slug (3 damage)
             ... on level 2 of the Dungeon.
             The game lasted 00:06:03 (1453 turns).

Menchi the Magician (Tengu Wizard)                  Turns: 1453, Time: 00:06:04

Health: -1/19      AC:  3    Str:  8    XL:     3   Next: 43%
Magic:  1/8        EV: 15    Int: 18    God:
Gold:   50         SH:  0    Dex: 12    Spells: 2/8 levels left

rFire    . . .     SeeInvis .   n - +0 whip
rCold    . . .     Gourm    .   (no shield)
rNeg     . . .     Faith    .   a - +0 robe
rPois    .         Spirit   .   b - +0 hat
rElec    .         Reflect  .   (no cloak)
rCorr    .         Harm     .   j - +0 pair of gloves
MR       .....                  (boots unavailable)
Stlth    ++........             (no amulet)
HPRegen  0.06/turn              (no ring)
MPRegen  0.11/turn              (no ring)

@: lethally poisoned (-1 -> -5), flying quickly and evasively, very slightly
contaminated, quick
A: beak, talons 3
a: no special abilities


You were on level 2 of the Dungeon.
You were not hungry.

You visited 1 branch of the dungeon, and saw 2 of its levels.

You collected 50 gold pieces.

Inventory:

Hand Weapons
 n - a +0 whip (weapon)
Armour
 a - a +0 robe (worn)
 b - a +0 hat (worn)
 j - a +0 pair of gloves (worn)
Jewellery
 h - an uncursed ring of flight {unknown}
Scrolls
 c - 3 scrolls of identify {unknown}
 g - 3 scrolls of teleportation {unknown}
 i - a scroll of magic mapping {unknown}
 k - 2 scrolls of remove curse {unknown}
 l - 2 scrolls of amnesia {unknown}
Potions
 e - a potion of flight
 m - a potion of haste {unknown}
Comestibles
 d - 3 rations


   Skills:
 + Level 3.0 Dodging
 - Level 2.0 Stealth
 + Level 3.3 Spellcasting
 + Level 2.5 Conjurations
 + Level 1.3 Summonings
   Level 0.7 Translocations
 + Level 0.1 Fire Magic


You had 2 spell levels left.
You knew the following spells:

 Your Spells              Type           Power        Failure   Level  Hunger
a - Magic Dart            Conj           ##..         5%          1    None
b - Call Imp              Summ           #.......     14%         2    ##.....
c - Conjure Flame         Conj/Fire      #.......     26%         3    ###....

Your spell library contained the following spells:

 Spells                   Type           Power        Failure   Level  Hunger
 Blink                    Tloc           N/A          19%         2    ##.....
 Slow                     Hex            #.......     24%         2    ##.....
 Mephitic Cloud           Conj/Pois/Air  #.......     32%         3    ###....


Dungeon Overview and Level Annotations

Branches:
Dungeon (2/15)

Altars:
Uskayaw


Innate Abilities, Weirdness & Mutations

You have a beak for a mouth.
You have claws for feet.


Message History

Press: ? - help, Shift-Dir - straight line, f/p - adder
Aim: an adder (severely wounded)
The magic dart hits the adder.
You kill the adder!
Your Dodging skill increases to level 3!
You hit the dart slug.
The dart slug is moderately wounded.
You feel sick.
You completely miss the dart slug.
The dart slug is moderately wounded.
The dart slug barely misses you.
You hit the dart slug but do no damage. You peck the dart slug.
The dart slug is moderately wounded.
The dart slug launches a dart at you. The slug dart hits you.
* * * LOW HITPOINT WARNING * * *
It was a potion of flight.
You feel very buoyant.
You swoop lightly up into the air.
The dart slug bites you.
You die...

....... #####.......
...... ..#.......#. .
#..... .........#. ..
.....# ##......... ...
#...#####........#. .#..
#................#.
.$...#.........# #......
.......w.......###...)..
......)@...#........###.
.................#.## #.
.....#####.#.......# ##
.... #...####..# . ...
#......# #....... .[
#...##.# #..###.# .
....## ...#..# .....
##.#### ##### ?#


You could see a dart slug.

Vanquished Creatures
  An adder (D:2)
  A leopard gecko (D:1)
  3 bats
  2 giant cockroaches (D:1)
  5 goblins
  A hobgoblin (D:1)
  3 jackals (D:2)
  2 frilled lizards
  4 kobolds
  6 rats (D:1)
28 creatures vanquished.

Vanquished Creatures (collateral kills)
  A jackal (D:2)
  A quokka (D:2)
2 creatures vanquished.

Grand Total: 30 creatures vanquished

Notes
Turn   | Place    | Note
-------+----------+-------------------------------------------
     0 | D:1      | Menchi the Tengu Wizard began the quest for the Orb.
     0 | D:1      | Reached XP level 1. HP: 10/10 MP: 5/5
   453 | D:1      | Reached XP level 2. HP: 15/15 MP: 2/7
   460 | D:1      | Learned a level 2 spell: Call Imp
  1153 | D:2      | Reached XP level 3. HP: 12/19 MP: 4/8
  1347 | D:2      | Learned a level 3 spell: Conjure Flame
  1360 | D:2      | Found a hide-covered altar of Uskayaw.
  1453 | D:2      | Slain by a dart slug

Skill      XL: |  1  2  3 |
---------------+----------+-----
Conjurations   | 2 |  2.5
Dodging        | 3 |  3.0
Stealth        | |  2.0
Spellcasting   | |  3.3
Summonings     | |  1.3
Translocations | |  0.7
Fire Magic     | |  0.1

Action                   || total
-------------------------++-------
Melee: Unarmed           ||    53
       Kick              ||    11
       Peck              ||     8
       Whip              ||    11
 Cast: Magic Dart        ||    37
       Call Imp          ||     3
       Conjure Flame     ||     1
  Use: Potion            ||     1
 Stab: Sleeping          ||     2
  Eat: Chunk             ||     2
Armor: Robe              ||    15
Dodge: Dodged            ||    76
